Cogmind - Beta 15 @@@ ROGUE MODE // 2025.05.31 @ 16:48:33 Player: 7604 Result: Destroyed by S-27 Virus with Autogun Performance ------------- Evolutions (3) 1500 Regions Visited (12) 2400 Robots Destroyed (127) 635 Value Destroyed (4884) 4884 Prototype IDs (52) 1040 Alien Tech Used (0) 0 Bonus (2062) 2062 TOTAL SCORE: 12521 Bonus ------- High Alert Combat Kills 544 Follower Combat Kills 318 Entered Garrisons 400 Used RIF Installer 500 Aligned with FarCom 300 Cogmind --------- Core Integrity 0/700 Matter 290/300 Energy 112/125 System Corruption 0% Temperature Cool (0) Movement Flying (102) Ox1 Location -7/Factory Parts ------- > --- POWER (1) -------- Light Ion Engine > --- PROPULSION (2) --- Improved VTOL Module Improved VTOL Module > --- UTILITY (8) ------ Lightpack 2.0 Improved Signal Interpreter Hacking Suite System Shield Relay Coupler [Hunter] (9) Relay Coupler [Heavy] (12) > --- WEAPON (2) ------- Rocket Array Makeshift Sword > --- INVENTORY (40) --- Hybrid Deuterium Engine Micro Nuclear Core Cesium-ion Thruster Cesium-ion Thruster Cesium-ion Thruster Cesium-ion Thruster Cesium-ion Thruster Improved VTOL Module Cooled VTOL Module Improved Heat Sink Energy Well (350) Structural Scanner Target Analyzer ECM Suite Propulsion Shielding Reflective Plating Authchip [R/Combat] Authchip [Processor] Authchip [Armor] Relay Coupler [NC] (33) Relay Coupler [NC] (33) Relay Coupler [Grunt] (26) Relay Coupler [Grunt] (23) Relay Coupler [Brawler] (25) Relay Coupler [Duelist] (33) Relay Coupler [Demolisher] (22) Relay Coupler [Hunter] (19) Precision Assault Rifle Improved Grenade Launcher Improved Datajack Remote Datajack Spear Peak State ------------ > --- POWER ------------ Light Ion Engine > --- PROPULSION ------- Improved VTOL Module Improved VTOL Module > --- UTILITY ---------- Lightpack 2.0 Improved Signal Interpreter Hacking Suite System Shield Relay Coupler [Hunter] Relay Coupler [Heavy] > --- WEAPON ----------- Rocket Array Makeshift Sword > --- INVENTORY -------- Hybrid Deuterium Engine Micro Nuclear Core Cesium-ion Thruster Cesium-ion Thruster Cesium-ion Thruster Cesium-ion Thruster Cesium-ion Thruster Improved VTOL Module Cooled VTOL Module Improved Heat Sink Energy Well Structural Scanner Target Analyzer ECM Suite Propulsion Shielding Reflective Plating Authchip [R/Combat] Authchip [Processor] Authchip [Armor] Relay Coupler [NC] Relay Coupler [NC] Relay Coupler [Grunt] Relay Coupler [Grunt] Relay Coupler [Brawler] Relay Coupler [Duelist] Relay Coupler [Demolisher] Relay Coupler [Hunter] Precision Assault Rifle Improved Grenade Launcher Improved Datajack Remote Datajack Spear [Rating: 78] Favorites ----------- Power Ion Engine Engine Ion Engine Power Core Light Nuclear Core Propulsion Light Treads Treads Light Treads Flight Unit Improved VTOL Module Utility High-capacity Storage Unit Device Improved Heat Sink Storage High-capacity Storage Unit Processor Advanced Visual Processing Unit Hackware Relay Coupler [Hunter] Protection Light Armor Plating Weapon Beam Cannon Energy Gun Heavy Laser Energy Cannon Beam Cannon Ballistic Gun Light Assault Rifle Launcher Improved Grenade Launcher Special Weapon Remote Datajack Slashing Weapon Makeshift Sword Special Melee Weapon Datajack Build | -11 -10 -10 -10 -9 -8 -8 -8 -7 -7 -7 -7 -7 ------- Run | Yrd Mat Min Exi Min Mat Gar Mat Fac Was Fac Gar Fac Slots Evolved 6 | . . . . . 4 . . 2 . . . . Power . | . . . . . . . . . . . . . Propulsion . | . . . . . . . . . . . . . Utility 6 | . . . . . 4 . . 2 . . . . Weapon . | . . . . . . . . . . . . . Parts Attached 97 | 7 8 5 . 1 25 22 4 14 . 4 4 3 Power 13 | 1 1 1 . . 2 4 2 1 . . . 1 Engine 8 | 1 1 1 . . 1 1 1 1 . . . 1 Core 5 | . . . . . 1 3 1 . . . . . Reactor . | . . . . . . . . . . . . . Propulsion 19 | 2 . 3 . . 5 3 . 4 . 1 1 . Treads 12 | 2 . 3 . . 4 3 . . . . . . Leg . | . . . . . . . . . . . . . Wheel . | . . . . . . . . . . . . . Hover . | . . . . . . . . . . . . . Flight 7 | . . . . . 1 . . 4 . 1 1 . Utility 42 | 2 4 . . 1 11 10 1 8 . 1 2 2 Device 15 | 1 2 . . 1 3 5 . 2 . 1 . . Storage 4 | 1 2 . . . . . . 1 . . . . Processor 3 | . . . . . 1 1 . 1 . . . . Hackware 8 | . . . . . . . 1 4 . . 1 2 Protection 12 | . . . . . 7 4 . . . . 1 . Artifact . | . . . . . . . . . . . . . Weapon 23 | 2 3 1 . . 7 5 1 1 . 2 1 . Energy Gun 8 | 1 . . . . 4 3 . . . . . . Energy Cannon 2 | . 2 . . . . . . . . . . . Ballistic Gun 2 | 1 . . . . . . . 1 . . . . Ballistic Cannon . | . . . . . . . . . . . . . Launcher 5 | . . . . . 1 2 . . . 1 1 . Special Weapon 3 | . 1 . . . . . 1 . . 1 . . Impact Weapon . | . . . . . . . . . . . . . Slashing Weapon 1 | . . . . . 1 . . . . . . . Piercing Weapon . | . . . . . . . . . . . . . Special Melee Weapon 2 | . . 1 . . 1 . . . . . . . Unidentified Prototypes 6 | . . . . 1 2 . . 2 . 1 . . Parts Lost 32 | . 1 3 . . 6 14 . 2 . 1 5 . Power 6 | . . . . . 1 3 . 1 . . 1 . Propulsion 7 | . . 3 . . . 2 . . . . 2 . Utility 15 | . . . . . 5 7 . 1 . 1 1 . Weapon 4 | . 1 . . . . 2 . . . . 1 . Highest Loss Streak 7 | . 1 2 . . 3 7 . 1 . 1 4 . To Critical Strikes . | . . . . . . . . . . . . . Average Backups 17 | 3 8 16 18 18 17 17 18 15 27 29 31 31 Power 1 | . 1 1 2 2 1 . . . 2 2 3 2 Propulsion 3 | . . 1 . . 4 4 3 2 6 6 5 6 Utility 7 | 1 4 8 10 10 6 7 8 7 13 13 16 17 Weapon 3 | . 2 4 6 4 4 3 5 2 4 4 4 3 Tool/Special . | . . . . . . . . . . . . . Unused Backups 52 | . . 2 1 . 8 7 . 6 . . . 28 Power 6 | . . 1 . . 2 . . . . . . 3 Propulsion 11 | . . . . . 1 2 . 1 . . . 7 Utility 23 | . . 1 1 . 3 1 . 1 . . . 16 Weapon 11 | . . . . . 2 3 . 4 . . . 2 Tool/Special 1 | . . . . . . 1 . . . . . . Average Slot Usage (%) 92 | . 100 100 100 100 98 94 100 73 76 76 66 74 Engine 7 | . 14 14 14 14 4 . 4 4 7 7 5 6 Core 2 | . . . . . 4 7 4 1 . . . . Treads 17 | . 28 28 28 28 18 17 18 . . . . . Flight 3 | . . . . . . . . 14 15 15 14 15 Device 12 | . 14 14 14 14 13 21 24 . . 3 . . Storage 10 | . 14 14 14 14 9 9 9 7 7 7 7 7 Processor 4 | . . . . . 5 3 9 13 15 11 7 7 Hackware 5 | . . . . . . . 2 21 23 22 18 28 Protection 8 | . . . . . 24 15 9 . . . 4 . Energy Gun 9 | . 13 . . . 17 15 16 . . . . . Energy Cannon 5 | . 1 27 14 28 . . . . . . . . Ballistic Gun 1 | . 13 . . . . . . . . . . . Slashing Weapon 1 | . . . . . . 2 . 5 7 7 4 6 Peak Build Rating 78 | 7 8 10 12 19 38 45 46 73 71 77 73 78 Average Rating 32 | 6 7 9 10 13 31 38 44 63 71 70 68 72 On Entrance 35 | . 7 8 10 12 14 38 45 46 71 71 66 68 Naked Turns . | . . . . . . . . . . . . . Heaviest Build 69 | 12 52 52 52 52 66 69 64 61 10 11 16 10 Greatest Support 42 | 40 40 40 40 40 42 40 40 40 10 14 11 10 Greatest Overweight (x) 3 | . 1 1 1 1 1 1 1 3 . . 1 . Average Overweight (x) . | . . 1 1 1 1 1 1 . . . . . Largest Inventory Capacity 40 | 8 20 20 20 20 20 20 20 40 40 40 40 40 Average Capacity 22 | 7 12 20 20 20 20 20 20 39 40 40 40 40 Most Carried 35 | 5 14 20 20 20 20 20 20 27 28 30 35 33 Average Carried 18 | 3 8 17 19 19 19 19 20 15 27 29 32 31 Final Capacity 40 | 8 20 20 20 20 20 20 20 40 40 40 40 40 Final Carried 32 | 5 13 19 20 20 20 20 20 27 28 30 32 32 Class Distribution -------------------- 49% | Mutant 15% | Scavenger-Skirmisher 12% | Scavenger-Mutant 11% | Hauler-Sprinter 5% | Bothacker-Sprinter Dominant Class ---------------- Mutant | -10/Materials Mutant | -10/Mines Mutant | -10/Exiles Mutant | -9/Mines Scavenger-Skirmisher | -8/Materials Scavenger-Mutant | -8/Garrison Scavenger-Mutant | -8/Materials Hauler-Sprinter | -7/Factory Hauler-Sprinter | -7/Waste Hauler-Mutant | -7/Factory Bothacker-Mutant | -7/Garrison Bothacker-Sprinter | -7/Factory Resources | -11 -10 -10 -10 -9 -8 -8 -8 -7 -7 -7 -7 -7 ----------- Run | Yrd Mat Min Exi Min Mat Gar Mat Fac Was Fac Gar Fac Matter Collected 2607 | 291 238 62 10 10 416 675 94 388 32 45 110 236 Remotely . | . . . . . . . . . . . . . Salvage Created 4462 | 157 646 226 . . 1353 1417 230 206 . 31 67 129 Parts 234 | 19 44 13 . . 55 56 7 22 . 6 5 7 Haulers Intercepted 8 | . 2 . . . 6 . . . . . . . Recyclers Shooed 5 | 2 . 1 . . . . . . . . . 2 Parts Field Recycled . | . . . . . . . . . . . . . Retrieved Matter . | . . . . . . . . . . . . . Parts Self-Destructed . | . . . . . . . . . . . . . Prevented . | . . . . . . . . . . . . . Kills | -11 -10 -10 -10 -9 -8 -8 -8 -7 -7 -7 -7 -7 ------- Run | Yrd Mat Min Exi Min Mat Gar Mat Fac Was Fac Gar Fac Combat Hostiles Destroyed 93 | . 19 10 . . 21 30 4 3 . . 6 . Melee 5 | . . . . . . 2 . 3 . . . . Guns 61 | . 17 . . . 20 20 4 . . . . . Cannons 12 | . 2 10 . . . . . . . . . . AOE 12 | . . . . . . 6 . . . . 6 . Classes Destroyed 16 | 1 4 1 . . 4 2 . 3 . . . 1 Worker 2 | . . . . . . . . 1 . . . 1 Builder 4 | . . . . . . . . 4 . . . . Tunneler 9 | 9 . . . . . . . . . . . . Hauler 8 | . 2 . . . 6 . . . . . . . Recycler 1 | . . . . . . . . . . . . 1 Operator 5 | . . . . . 1 . 1 . . 2 . 1 Drone 1 | . . . . . . . . 1 . . . . Watcher 6 | . 3 . . . 2 . . . . . . 1 Swarmer 30 | . 11 8 . . 3 4 . . . . 4 . Grunt 34 | . 8 . . . 7 17 2 . . . . . Brawler 2 | . . . . . 1 1 . . . . . . Duelist 1 | . . . . . . 1 . . . . . . Sentry 14 | . . 2 . . 6 3 1 . . . 2 . Specialist 2 | . . . . . 2 . . . . . . . Hunter 3 | . . . . . 2 . 1 . . . . . Programmer 6 | . . . . . . 4 . 2 . . . . Best Kill Streak 6 | 2 6 3 . . 3 4 1 3 . 1 6 1 Combat Bots Only 6 | . 6 3 . . 3 4 1 1 . . 6 . Max Kills in Single Turn 4 | 1 1 1 . . 2 4 1 1 . 1 4 1 Gunslinging 1 | . . . . . 1 . . . . . . . Exploded 4 | . . . . . . 4 . . . . 4 . Melee 1 | . . . . . . 1 . 1 . . . . Uniques/NPCs Destroyed . | . . . . . . . . . . . . . Combat | -11 -10 -10 -10 -9 -8 -8 -8 -7 -7 -7 -7 -7 -------- Run | Yrd Mat Min Exi Min Mat Gar Mat Fac Was Fac Gar Fac Hostile Shots Fired 689 | . 81 61 . . 99 209 31 36 . 3 164 5 Missed 198 | . 22 14 . . 20 51 9 18 . 2 59 3 Hits 491 | . 59 47 . . 79 158 22 18 . 1 105 2 Melee 11 | . . . . . 1 10 . . . . . . Projectile 480 | . 59 47 . . 78 148 22 18 . 1 105 2 Critical Strikes 17 | . . 3 . . 1 11 1 1 . . . . Actively Blocked 1 | . . . . . . 1 . . . . . . Part Disruptions 1 | . . . . . . 1 . . . . . . Damage Taken 6256 | . 551 453 . . 1152 2454 260 227 . 17 1081 61 Core 1305 | . 91 61 . . 99 293 58 149 . 17 476 61 Absorbed by Shields 228 | . . . . . . 142 . . . . 86 . Redirected to Shielding 93 | . . . . . 34 25 . . . . 34 . Ignored by Resistances 66 | . . . . . . 42 24 . . . . . Regen/Repaired (Parts) 298 | . . . . . 255 . . . . . . 43 Core Remaining (%) 52 | 100 . . . 39 . . 18 . . . . . Volleys Fired 409 | 24 87 25 . . 83 136 24 5 . 1 24 . Largest 2 | 2 2 2 . . 2 2 2 1 . 1 2 . Hottest 138 | 70 120 120 . . 132 138 132 36 . 5 81 . Shots Fired 775 | 48 172 50 . . 167 260 47 5 . 1 25 . Gun 694 | 48 164 . . . 167 254 46 . . . 15 . Cannon 57 | . 7 50 . . . . . . . . . . Launcher 15 | . . . . . . 6 . 1 . . 8 . Special 9 | . 1 . . . . . 1 4 . 1 2 . Kinetic 121 | 24 82 . . . . . . . . . 15 . Thermal 631 | 24 90 50 . . 167 254 46 . . . . . Explosive 15 | . . . . . . 6 . 1 . . 8 . Electromagnetic . | . . . . . . . . . . . . . Robot Hit Streak 16 | 12 15 8 . . 16 14 9 5 . 6 13 . Robot Miss Streak 5 | 1 5 4 . . 5 3 3 . . . 1 . Penetration Max . | . . . . . . . . . . . . . Secondary Targets 8 | . 2 . . . 4 1 1 . . . . . Max Gunslinging Chain 1 | . 1 . . . 1 1 1 . . . . . Shots Hit Robots 517 | 34 106 26 4 . 119 150 34 20 . 3 11 10 Core Hits 219 | 13 40 12 . . 52 61 11 6 . 2 19 3 Critical Kills . | . . . . . . . . . . . . . Critical Parts Destroyed . | . . . . . . . . . . . . . Critical Strikes 31 | 2 5 . . . 4 14 3 1 . . 1 1 Burn 26 | 2 5 . . . 4 12 3 . . . . . Sever 5 | . . . . . . 2 . 1 . . 1 1 Melee Attacks 176 | . . . 4 . 1 43 . 64 . 18 5 41 Impact . | . . . . . . . . . . . . . Slashing 172 | . . . . . 1 43 . 64 . 18 5 41 Piercing . | . . . . . . . . . . . . . Sneak Attacks 15 | . . . 4 . . . . 7 . . . 4 Combat Hostiles 1 | . . . . . . . . 1 . . . . Follow-up Attacks . | . . . . . . . . . . . . . Damage Inflicted 10939 | 355 1205 490 . . 2132 3747 637 873 . 92 799 609 Guns 6794 | 354 1129 . . . 2122 2552 637 . . . . . Cannons 525 | . 52 473 . . . . . . . . . . Explosions 1241 | . . . . . . 476 . . . . 765 . Melee 2324 | . . . . . . 716 . 873 . 92 34 609 Ramming 55 | 1 24 17 . . 10 3 . . . . . . Kinetic 506 | 115 391 . . . . . . . . . . . Thermal 6813 | 239 790 473 . . 2122 2552 637 . . . . . Explosive 1241 | . . . . . . 476 . . . . 765 . Electromagnetic . | . . . . . . . . . . . . . Impact . | . . . . . . . . . . . . . Slashing 2324 | . . . . . . 716 . 873 . 92 34 609 Piercing . | . . . . . . . . . . . . . Highest Corruption 13 | . . . . . 4 13 13 . . . . . Average Corruption 7 | . . . . . 4 7 13 . . . . . Corruption Purged . | . . . . . . . . . . . . . Corruption Blocked . | . . . . . . . . . . . . . Effects 94 | . . . . . 12 68 14 . . . . . Message Errors 15 | . . . . . 1 10 4 . . . . . Matter Fused 31 | . . . . . 3 25 3 . . . . . Heat Flow Errors 10 | . . . . . 3 5 2 . . . . . Energy Discharges 9 | . . . . . 2 7 . . . . . . Parts Rejected 3 | . . . . . . 3 . . . . . . Parts Fused 1 | . . . . . . 1 . . . . . . Data Loss (minor) 9 | . . . . . 2 5 2 . . . . . Data Loss (major) 5 | . . . . . . 4 1 . . . . . Misfires 6 | . . . . . 1 4 1 . . . . . Alerts 1 | . . . . . . 1 . . . . . . Misdirections 1 | . . . . . . 1 . . . . . . Weapon Failures 3 | . . . . . . 2 1 . . . . . Overload Shots . | . . . . . . . . . . . . . Overflow Damage 406 | . . . . . . 3 . 208 . . 23 172 Projectiles . | . . . . . . . . . . . . . Explosions 26 | . . . . . . 3 . . . . 23 . Melee 380 | . . . . . . . . 208 . . . 172 Knockbacks . | . . . . . . . . . . . . . Impact . | . . . . . . . . . . . . . Kinetic . | . . . . . . . . . . . . . Secondary . | . . . . . . . . . . . . . Self-Inflicted Damage 183 | . . . . . . . . . . . 183 . Shots 5 | . . . . . . . . . . . 5 . Rammed 16 | 1 8 3 . . 3 1 . . . . . . Targets Rammed 16 | 1 8 3 . . 3 1 . . . . . . Kicked . | . . . . . . . . . . . . . Crushed . | . . . . . . . . . . . . . Highest Temperature 293 | 70 130 231 . . 272 293 230 . . . 4 . Average Temperature 71 | 27 32 89 . . 83 90 98 . . . 3 . Received Heat Transfer 2146 | . 132 108 . . 423 1113 126 36 . 9 190 9 Effects 6 | . . . . . 1 5 . . . . . . Energy Bleed 1 | . . . . . . 1 . . . . . . Interference 5 | . . . . . 1 4 . . . . . . Siege Activations . | . . . . . . . . . . . . . Martial Activations . | . . . . . . . . . . . . . Shielding Activations . | . . . . . . . . . . . . . Robots Disrupted . | . . . . . . . . . . . . . Combat Hostiles . | . . . . . . . . . . . . . Robots Corrupted . | . . . . . . . . . . . . . Combat Hostiles . | . . . . . . . . . . . . . Parts Fried . | . . . . . . . . . . . . . Impact Corruptions . | . . . . . . . . . . . . . Robots Melted 3 | . . . . . 1 2 . . . . . . Combat Hostiles 3 | . . . . . 1 2 . . . . . . Parts Melted 33 | 2 1 2 . . 12 16 . . . . . . Heat Transferred 16534 | 851 2627 999 . . 4736 5804 1517 . . . . . Parts Sabotaged . | . . . . . . . . . . . . . Parts Stolen . | . . . . . . . . . . . . . Parts Stripped . | . . . . . . . . . . . . . Power Chain Reactions . | . . . . . . . . . . . . . Alert | -11 -10 -10 -10 -9 -8 -8 -8 -7 -7 -7 -7 -7 ------- Run | Yrd Mat Min Exi Min Mat Gar Mat Fac Was Fac Gar Fac Maximum Alert Level 4 | . . . . . 1 4 3 1 . . 2 1 Low Security (%) 69 | 100 100 100 . 100 91 . . 85 100 100 44 14 Level 1 14 | . . . . . 8 29 . 14 . . 49 85 Level 2 4 | . . . . . . 20 39 . . . 6 . Level 3 6 | . . . . . . 28 60 . . . . . Level 4 3 | . . . . . . 20 . . . . . . Level 5 . | . . . . . . . . . . . . . High Security . | . . . . . . . . . . . . . Max Security . | . . . . . . . . . . . . . Peak Influence 1543 | 10 189 102 . . 266 1543 754 333 23 36 437 256 Initial 752 | . . 70 . . . 170 752 333 23 9 . 228 Average 210 | 1 48 32 . . 77 719 708 134 18 6 207 218 Influence Increases 4906 | 45 630 346 . . 810 1533 172 487 . 89 507 287 Destroy 0b10 Robot/C 2060 | . 380 280 . . 420 620 120 40 . . 200 . Destroy 0b10 Robot/NC 190 | 45 25 . . . 45 10 5 30 . 10 . 20 Destroy Leader 348 | . 80 30 . . 146 30 30 20 . . 10 2 Allied During Kill 24 | . . 5 . . 3 7 2 . . . 7 . Trap Triggered on 0b10 20 | . . . . . . . . 20 . . . . Successful Hack 306 | . 53 . . . 40 26 . 131 . 6 6 44 Select Force Hacks 90 | . 60 . . . 30 . . . . . . . Disable Machine 90 | . . . . . . 75 . 15 . . . . Anti-Garrison Action 700 | . . . . . . 550 . . . . 150 . Destroy Structure 253 | . 2 1 . . 6 95 . 51 . 13 59 26 Partial Spotted 165 | . . . . . . . . 45 . 15 15 90 Lose Combat Pursuer 660 | . 30 30 . . 120 120 15 135 . 45 60 105 Influence Decreases 4701 | 45 450 490 36 . 548 252 981 1153 55 102 70 519 Entered New Map 1688 | . . 110 36 . . 92 791 401 45 4 . 209 Time Decay 2352 | 45 440 340 . . 417 . 170 522 10 98 . 310 Lost Part 300 | . 10 20 . . 60 140 . 20 . . 50 . Lost Ally 140 | . . 20 . . . 20 20 60 . . 20 . Purge Threat 221 | . . . . . 71 . . 150 . . . . Squads Dispatched 32 | . 4 1 . . 4 . 2 8 . 6 . 7 Investigation 18 | . 3 . . . 1 . 1 5 . 3 . 5 Extermination 6 | . . . . . . . . 3 . 2 . 1 Reinforcement 7 | . 1 . . . 3 . 1 . . 1 . 1 Assault 1 | . . 1 . . . . . . . . . . Garrison . | . . . . . . . . . . . . . Intercept . | . . . . . . . . . . . . . Searches Triggered . | . . . . . . . . . . . . . Construction Impeded . | . . . . . . . . . . . . . Haulers Reinforced . | . . . . . . . . . . . . . Active Scanning Responses . | . . . . . . . . . . . . . Cargo Convoy Interrupts . | . . . . . . . . . . . . . Stealth | -11 -10 -10 -10 -9 -8 -8 -8 -7 -7 -7 -7 -7 --------- Run | Yrd Mat Min Exi Min Mat Gar Mat Fac Was Fac Gar Fac Distress Signals 17 | . 3 . . . 10 . . 2 . . . 2 Communications Jammed . | . . . . . . . . . . . . . Distress Signals . | . . . . . . . . . . . . . Times Spotted 226 | . 33 17 . . 47 38 10 31 . 11 24 15 Peak Tracking Total 15 | . 5 4 . . 6 4 4 8 . 3 15 3 Tactical Retreats 29 | . 1 2 . . 6 7 1 5 . 3 1 3 Traps | -11 -10 -10 -10 -9 -8 -8 -8 -7 -7 -7 -7 -7 ------- Run | Yrd Mat Min Exi Min Mat Gar Mat Fac Was Fac Gar Fac Traps Triggered 14 | . 1 . . . . 7 . 3 . 1 1 1 Indirectly . | . . . . . . . . . . . . . Trap Hack Attempts 24 | . . . . . 20 . 4 . . . . . Triggered . | . . . . . . . . . . . . . Disarmed . | . . . . . . . . . . . . . Reprogrammed 2 | . . . . . 2 . . . . . . . Reused 2 | . . . . . . . . 2 . . . . Traps Extracted 2 | . . . . . . . . 2 . . . . Installed 4 | . . . . . . . . 4 . . . . Triggered 2 | . . . . . . . . 2 . . . . Most Traps Carried 4 | . . . . . . 4 4 4 2 2 2 . Machines | -11 -10 -10 -10 -9 -8 -8 -8 -7 -7 -7 -7 -7 ---------- Run | Yrd Mat Min Exi Min Mat Gar Mat Fac Was Fac Gar Fac Machines Disabled 14 | . . 1 . . . 8 . 1 . . 4 . Max in Single Turn 2 | . . 1 . . . 2 . 1 . . 2 . Garrison Access 2 | . . . . . . . . 2 . . . . Garrison Relay 5 | . . . . . . 3 . . . . 2 . Phase Generator 1 | . . . . . . . . . . . 1 . Machines Repaired . | . . . . . . . . . . . . . Machines Dismantled . | . . . . . . . . . . . . . Machines Sabotaged . | . . . . . . . . . . . . . Overloaded Fab Kills . | . . . . . . . . . . . . . Hacking | -11 -10 -10 -10 -9 -8 -8 -8 -7 -7 -7 -7 -7 --------- Run | Yrd Mat Min Exi Min Mat Gar Mat Fac Was Fac Gar Fac Machines Accessed 69 | . 9 . 2 1 13 2 1 20 . 7 2 12 Terminals 39 | . 7 . . . 8 2 . 12 . 1 2 7 Fabricators 8 | . . . . . . . . 3 . 3 . 2 Repair Stations 4 | . . . . . 2 . 1 . . . . 1 Recycling Units 9 | . 2 . . . 1 . . 2 . 2 . 2 Scanalyzers 2 | . . . . . 1 . . 1 . . . . Garrison Access 4 | . . . . . 1 . . 2 . 1 . . Total Hacks 195 | . 30 . 2 1 38 4 2 66 . 18 3 31 Successful 105 | . 19 . 2 1 25 2 . 34 . 6 1 15 Failed 89 | . 10 . . . 13 2 2 32 . 12 2 16 Catastrophic 17 | . 1 . . . . 1 . 8 . 2 1 4 Database Lockouts 1 | . 1 . . . . . . . . . . . Manual 98 | . 24 . 1 . 24 2 . 27 . 6 1 13 Terminals 130 | . 28 . . . 23 4 . 47 . 4 3 21 Fabricators 22 | . . . . . . . . 7 . 9 . 6 Repair Stations 10 | . . . . . 6 . 2 . . . . 2 Recycling Units 14 | . 2 . . . 2 . . 4 . 4 . 2 Scanalyzers 11 | . . . . . 6 . . 5 . . . . Garrison Access 5 | . . . . . 1 . . 3 . 1 . . Terminal Hacks 37 | . 8 . 2 1 6 1 . 14 . . 1 4 Record 1 | . . . 1 . . . . . . . . . Part Schematic 3 | . . . . . 3 . . . . . . . Robot Schematic 1 | . . . . . . . . 1 . . . . Robot Analysis 3 | . 2 . . . 1 . . . . . . . Prototype ID Bank 5 | . 3 . . . . . . 2 . . . . Open Door 2 | . . . . 1 . . . . . . 1 . Level Access Points 1 | . . . . . . . . . . . . 1 Terminal Index 2 | . . . . . . . . 1 . . . 1 Fabricator Index 1 | . . . . . . . . 1 . . . . Unreport Threat 2 | . . . . . 1 . . 1 . . . . Locate Traps 4 | . 2 . . . 1 . . 1 . . . . Hauler Manifests 3 | . 1 . . . . . . 1 . . . 1 Registered Components 1 | . . . . . . . . 1 . . . . Registered Prototypes 1 | . . . . . . . . 1 . . . . Zone Layout 5 | . . . . . . . . 4 . . . 1 Garrison Registry 1 | . . . . . . 1 . . . . . . Proto ID Catalog 1 | . . . 1 . . . . . . . . . Fabricator Hacks 10 | . . . . . . . . 4 . 3 . 3 Network Status 2 | . . . . . . . . . . 1 . 1 Load Schematic 6 | . . . . . . . . 3 . 1 . 2 Build 2 | . . . . . . . . 1 . 1 . . Repair Station Hacks 8 | . . . . . 6 . . . . . . 2 Scan Component 4 | . . . . . 3 . . . . . . 1 Repair 4 | . . . . . 3 . . . . . . 1 Recycling Unit Hacks 5 | . . . . . . . . 2 . 1 . 2 Retrieve Components 5 | . . . . . . . . 2 . 1 . 2 Scanalyzer 8 | . . . . . 4 . . 4 . . . . Insert Component 5 | . . . . . 2 . . 3 . . . . Analyze 3 | . . . . . 2 . . 1 . . . . Garrison Access Hacks 5 | . . . . . 1 . . 3 . 1 . . Unlock Access 2 | . . . . . 1 . . . . 1 . . Seal Access 2 | . . . . . . . . 2 . . . . Coupler Status 1 | . . . . . . . . 1 . . . . Unauthorized Hacks 32 | . 11 . . . 8 1 . 7 . 1 . 4 Terminals 25 | . 9 . . . 7 1 . 5 . . . 3 Assimilate 4 | . 1 . . . . . . 2 . . . 1 Botnet 9 | . 2 . . . 2 1 . 2 . . . 2 Operators 1 | . 1 . . . . . . . . . . . Skim 11 | . 5 . . . 5 . . 1 . . . . Fabricators 4 | . . . . . . . . 2 . 1 . 1 Prioritize 1 | . . . . . . . . . . 1 . . Recompile 3 | . . . . . . . . 2 . . . 1 Repair Stations . | . . . . . . . . . . . . . Recycling Units 3 | . 2 . . . 1 . . . . . . . Tunnel 3 | . 2 . . . 1 . . . . . . . Scanalyzers . | . . . . . . . . . . . . . Garrison Access . | . . . . . . . . . . . . . Data Cores Recovered . | . . . . . . . . . . . . . Used . | . . . . . . . . . . . . . Hacking Detections 49 | . 7 . . . 8 2 1 16 . 6 1 8 Full Trace Events 8 | . . . . . . . . 2 . 2 . 4 Feedback Events 1 | . . . . . . . . . . 1 . . Hackware Fried 1 | . . . . . . . . . . 1 . . Feedback Blocked . | . . . . . . . . . . . . . Robot Schematics Acquired 1 | . . . . . . . . 1 . . . . Robots Built 3 | . . . . . . . . . . 3 . . Authchips . | . . . . . . . . . . . . . Time 116 | . . . . . . . . . . 116 . . Total Robot Build Rating 9 | . . . . . . . . . . 9 . . Part Schematics Acquired 6 | . . . . . 5 . . 1 . . . . Parts Built 1 | . . . . . . . . 1 . . . . Authchips . | . . . . . . . . . . . . . Time 36 | . . . . . . . . 36 . . . . Total Part Build Rating 3 | . . . . . . . . 3 . . . . Parts Repaired 4 | . . . . . 3 . . . . . . 1 Time 173 | . . . . . 103 . . . . . . 70 Parts Recycled . | . . . . . . . . . . . . . Recycled Matter . | . . . . . . . . . . . . . Retrieved Matter . | . . . . . . . . . . . . . Retrieved Components 15 | . . . . . . . . 7 . 1 . 7 Parts Scanalyzed 3 | . . . . . 2 . . 1 . . . . Part Schematics Acquired 3 | . . . . . 2 . . 1 . . . . Parts Damaged 1 | . . . . . 1 . . . . . . . Bothacking | -11 -10 -10 -10 -9 -8 -8 -8 -7 -7 -7 -7 -7 ------------ Run | Yrd Mat Min Exi Min Mat Gar Mat Fac Was Fac Gar Fac Used RIF Installer 1 | . . . . . . 1 . . . . . . Robots Hacked 11 | . . . 4 . . . 1 4 . 1 1 . Non-combat 6 | . . . 3 . . . . 2 . 1 . . Combat 5 | . . . 1 . . . 1 2 . . 1 . Robot Hacks Applied 11 | . . . 4 . . . 1 4 . 1 1 . parse_system 5 | . . . 4 . . . . 1 . . . . find_chute 1 | . . . . . . . . 1 . . . . find_recycling 1 | . . . . . . . . . . 1 . . overload_power 1 | . . . . . . . . . . . 1 . overwrite_iff 1 | . . . . . . . 1 . . . . . formatsys_high 2 | . . . . . . . . 2 . . . . Relay Couplers Released 19 | . . . . . . 11 . . . . 8 . Machine Destruction 19 | . . . . . . 11 . . . . 8 . Attached 3 | . . . . . . . 1 1 . . 1 . Fabnet Peak Effective % . | . . . . . . . . . . . . . Robots Rewired 2 | . . . . . . . . . . . 2 . Allies Hacked 1 | . . . . . . . . 1 . . . . Hacks Repelled 1 | . . . . . . . . 1 . . . . Allies | -11 -10 -10 -10 -9 -8 -8 -8 -7 -7 -7 -7 -7 -------- Run | Yrd Mat Min Exi Min Mat Gar Mat Fac Was Fac Gar Fac Total Allies 12 | . . 1 . . . . 1 4 . 3 2 1 Largest Group 3 | . . 1 . . . . 1 3 . 3 2 1 Highest-Rated Group 58 | . . 31 . . . . 21 58 . 48 56 26 Highest-Rated Ally 31 | . . 31 . . . . 21 26 . 16 31 26 Total Orders 15 | . . . . . 1 4 6 . . . 2 2 STAY 2 | . . . . . . . . . . . . 2 EXPLORE 5 | . . . . . . 1 3 . . . 1 . RETURN 8 | . . . . . 1 3 3 . . . 1 . Ally Attacks 111 | . . 11 . . 5 39 31 5 . . 20 . Total Damage 1075 | . . 187 . . 23 242 209 79 . . 335 . Kills 11 | . . 4 . . . 1 2 . . . 4 . Allies Corrupted . | . . . . . . . . . . . . . Allies Melted . | . . . . . . . . . . . . . Intel | -11 -10 -10 -10 -9 -8 -8 -8 -7 -7 -7 -7 -7 ------- Run | Yrd Mat Min Exi Min Mat Gar Mat Fac Was Fac Gar Fac Active Infowar (turns) 9788 | 251 1578 510 716 595 2155 1712 340 1448 38 415 1 29 Optics 2818 | . . . . . . 790 340 1448 38 202 . . Terrain 2155 | . . . . . 2155 . . . . . . . Structural 243 | . . . . . . . . . . 213 1 29 Seismic 4576 | 251 1578 510 716 595 4 922 . . . . . . Robot Analysis Total 3 | . 2 . . . 1 . . . . . . . Derelict Logs Recovered 2 | . . 1 . 1 . . . . . . . . Drone Launches 29 | . . . . . 4 15 9 . . . 1 . Drone Recoveries 26 | . . . . . 4 14 8 . . . . . Exploration | -11 -10 -10 -10 -9 -8 -8 -8 -7 -7 -7 -7 -7 ------------- Run | Yrd Mat Min Exi Min Mat Gar Mat Fac Was Fac Gar Fac Turns Passed 13654 | 416 1830 1333 716 600 3185 2355 340 1448 38 416 279 698 Spaces Moved 9150 | 206 753 500 295 228 1097 683 96 2608 114 860 393 1317 Core 4 | 4 . . . . . . . . . . . . Treads 3876 | 202 753 500 295 228 1097 683 96 22 . . . . Legs . | . . . . . . . . . . . . . Wheels . | . . . . . . . . . . . . . Hover . | . . . . . . . . . . . . . Flight 5270 | . . . . . . . . 2586 114 860 393 1317 Fastest Speed 26 | 50 160 240 240 240 232 250 250 32 32 26 32 32 Average Speed 114 | 157 182 240 240 240 238 250 250 34 32 32 35 32 Slowest Speed 250 | 160 240 240 240 240 250 250 250 250 32 34 106 32 Overloaded Moves 12 | . . . . . . . . . . 12 . . Propulsion Burnouts . | . . . . . . . . . . . . . Robots Hopped 22 | . . . . . . . . 16 . 3 . 3 Potential Cave-ins . | . . . . . . . . . . . . . Cave-ins Triggered . | . . . . . . . . . . . . . Exploration Rate (%) 55 | 6 99 96 70 56 68 73 20 55 80 19 42 33 Regions Visited 12 Branch Regions 3 Pre-discovered Areas 5 | . 3 . 1 . 1 . . . . . . . Known Exits Taken 3 | . . . . . 1 . 1 . . 1 . . Unknown Exits Taken 5 | 1 1 1 1 1 . . . . . . . . Scrap Searched 2 | . . 1 . 1 . . . . . . . . Spaces Dug 104 | . 1 . . . 1 12 . 51 . 13 . 26 Terrain Destroyed 191 | . 1 . . . 1 20 . 51 . 13 79 26 Melee 84 | . . . . . 1 2 . 42 . 13 . 26 Projectile 1 | . 1 . . . . . . . . . . . AOE 106 | . . . . . . 18 . 9 . . 79 . Terrain Rammed . | . . . . . . . . . . . . . Walls Destroyed . | . . . . . . . . . . . . . Machines Disabled . | . . . . . . . . . . . . . Actions | -11 -10 -10 -10 -9 -8 -8 -8 -7 -7 -7 -7 -7 --------- Run | Yrd Mat Min Exi Min Mat Gar Mat Fac Was Fac Gar Fac Total 11356 | 250 1040 579 302 283 1497 1025 148 3093 114 972 503 1550 Wait 1163 | 7 165 28 . 48 197 80 16 314 . 86 47 175 Move 9098 | 205 752 499 294 227 1097 681 95 2578 113 854 392 1311 Hop 20 | . . . . . . . . 14 . 3 . 3 Pick Up 112 | 6 9 12 1 2 24 14 . 23 1 3 9 8 Fast Attach 48 | 6 . . . 2 11 16 2 9 . 1 . 1 Attach 57 | 1 1 3 . . 9 8 . 21 . 2 7 5 Detach 35 | . . . . . 1 3 . 24 . 3 2 2 Swap 87 | . 15 5 1 . 24 24 5 6 . 1 4 2 Drop 75 | . 3 4 2 4 27 13 2 16 . . 2 2 Fire 409 | 24 87 25 . . 83 136 24 5 . 1 24 . Melee 176 | . . . 4 . 1 43 . 64 . 18 5 41 Ram . | . . . . . . . . . . . . . Kick . | . . . . . . . . . . . . . Crush 16 | 1 8 3 . . 3 1 . . . . . . Escape Stasis 23 | . . . . . . 6 . 15 . . 2 . Rewire 9 | . . . . . . . . . . . 9 . Trap 28 | . . . . . 20 . 4 4 . . . . Miscellaneous . | . . . . . . . . . . . . . Route ------- -11/Scrapyard -10/Materials (discovered 6 exits: [*Mat x3] / [*Min x2] / *Sub) -10/Mines (discovered 4 exits: [*Mat x2] / *Exi / *Sub) -10/Exiles (discovered 2 exits: *Min x2) -9/Mines -8/Materials (discovered 4 exits: *Fac x3 / Gar) -8/Garrison (discovered 3 exits: *Mat x3) -8/Materials (discovered 3 exits: *Fac x3) -7/Factory (discovered 5 exits: *Fac x2 / *Sto / *Low x2) -7/Waste -7/Factory (discovered 2 exits: *Low / Gar) -7/Garrison -7/Factory (discovered 4 exits: Fac x4) History --------- Turn | Location | Event 3 | -11/Scrapyard | Discovered new exit (range 16) 417 | -11/Scrapyard | Entered Materials 418 | -10/Materials | Build established: Mutant 627 | -10/Materials | Discovered new exit (range 8) 892 | -10/Materials | Discovered new exit (range 9) 980 | -10/Materials | Discovered new exit (range 11) 1001 | -10/Materials | Central database locked down 1087 | -10/Materials | Learned Storage trap positions 1160 | -10/Materials | Discovered new exit (range 14) 1163 | -10/Materials | Identified exit to Subcaves 1231 | -10/Materials | Learned 4 Subcaves zone layouts 1290 | -10/Materials | Learned 2 Storage zone layouts 1340 | -10/Materials | Learned location of 1 exit from Storage 1378 | -10/Materials | Learned location of 1 exit from Recycling 1407 | -10/Materials | Learned location of Mines (-9) 1447 | -10/Materials | Learned Storage garrison access intel 1498 | -10/Materials | Loaded intel: 11 interactive machine locations 1558 | -10/Materials | Loaded intel: 8 terminal locations 1894 | -10/Materials | Discovered new exit (range 5) 2247 | -10/Materials | Entered Mines 2346 | -10/Mines | Found a hidden stash of uninstalled traps 2371 | -10/Mines | Discovered new exit (range 8) 2474 | -10/Mines | Found a Scrap Suit stashed away for nefarious purposes 2479 | -10/Mines | Found Scrap Suit 2528 | -10/Mines | Discovered exit to Subcaves (range 10) 2614 | -10/Mines | Core integrity fell below 50% 2829 | -10/Mines | Discovered new exit (range 8) 2830 | -10/Mines | Met a Derelict testing a Signal Generator 2850 | -10/Mines | Found Signal Generator 3186 | -10/Mines | Learned Materials emergency access door positions 3308 | -10/Mines | A weapon hastily lodged in a ceiling crevice suddenly fell to the ground 3566 | -10/Mines | Deemed a non-threat by the Exiles lab entrance 3570 | -10/Mines | Discovered new exit (range 5) 3580 | -10/Mines | Entered Exiles 3616 | -10/Exiles | Discovered new exit (range 15) 3638 | -10/Exiles | Met 8R-AWN 3676 | -10/Exiles | Met EX-HEX 3780 | -10/Exiles | Met EX-DEC 3861 | -10/Exiles | Learned location of Zion (-6) 3907 | -10/Exiles | Met EX-BIN 3942 | -10/Exiles | Aligned with FarCom system 3944 | -10/Exiles | Given EX-Vault access code 4004 | -10/Exiles | Opened EX-Vault 4020 | -10/Exiles | Found Lightpack 2.0 4071 | -10/Exiles | Warned to stay clear of 0b10 Research branches 4268 | -10/Exiles | Discovered new exit (range 14) 4296 | -10/Exiles | Left Exiles lab with Lightpack 2.0 4296 | -10/Exiles | Entered Mines 4378 | -9/Mines | Found a damaged Exp. Sensor Array with a note attached 4385 | -9/Mines | Found Prototype Device 4592 | -9/Mines | Learned location of 1 exit from Proximity Caves 4659 | -9/Mines | Discovered new exit (range 16) 4699 | -9/Mines | Found the Drone Emporium 4714 | -9/Mines | Found Prototype Device 4714 | -9/Mines | Identified Thief Drone Bay 4896 | -9/Mines | Entered Materials 4896 | -8/Materials | Evolved 4 slots: Utility x4 5567 | -8/Materials | Build established: Scavenger-Skirmisher 5907 | -8/Materials | Repaired Lgt. Treads 5936 | -8/Materials | Repaired Lgt. Armor Plating 6048 | -8/Materials | Identified Exp. Sensor Array 7492 | -8/Materials | Lost 3 parts (3u) 7568 | -8/Materials | Discovered new exit (range 6) 7692 | -8/Materials | Learned location of 1 exit from Extension 7726 | -8/Materials | Learned Storage emergency access door positions 7750 | -8/Materials | Learned Storage emergency access door positions 7758 | -8/Materials | Build established: Mutant 7764 | -8/Materials | Identified exit to Factory 7768 | -8/Materials | Learned 2 Storage zone layouts 7771 | -8/Materials | Learned 4 Lower Caves zone layouts 7999 | -8/Materials | Repaired Imp. Medium Laser 8080 | -8/Materials | Identified exit to Garrison 8081 | -8/Materials | Entered Garrison 8092 | -8/Garrison | Triggered checkpoint 8803 | -8/Garrison | Triggered checkpoint 8812 | -8/Garrison | Triggered checkpoint 8912 | -8/Garrison | Discovered new exit (range 10) 9037 | -8/Garrison | Lost 3 parts (2u1w) 9137 | -8/Garrison | Triggered checkpoint 9202 | -8/Garrison | Garrison Relay disabled 9407 | -8/Garrison | Build established: Scavenger-Mutant 9477 | -8/Garrison | System corruption reached 10% 9507 | -8/Garrison | Lost 7 parts (1p1n4u1w) 9612 | -8/Garrison | Discovered new exit (range 11) 9708 | -8/Garrison | Core integrity fell below 50% 9713 | -8/Garrison | Triggered checkpoint 9945 | -8/Garrison | Garrison Relay disabled 10034 | -8/Garrison | Discovered new exit (range 42) 10034 | -8/Garrison | Discovered new exit (range 15) 10034 | -8/Garrison | Discovered new exit (range 41) 10159 | -8/Garrison | Triggered checkpoint 10245 | -8/Garrison | Triggered checkpoint 10307 | -8/Garrison | Garrison Relay disabled 10332 | -8/Garrison | Installed Relay Interface Framework 10436 | -8/Garrison | Entered Materials 10746 | -8/Materials | Core integrity fell below 20% 10776 | -8/Materials | Entered Factory 10776 | -7/Factory | Evolved 2 slots: Utility x2 10980 | -7/Factory | Discovered new exit (range 9) 11086 | -7/Factory | Identified exit to Factory 11206 | -7/Factory | Build established: Hauler-Sprinter 11378 | -7/Factory | Fabricated Hacking Suite? 11517 | -7/Factory | Discovered new exit (range 8) 11519 | -7/Factory | Identified exit to Storage 11671 | -7/Factory | Lost 3 allies 11928 | -7/Factory | Discovered new exit (range 12) 11931 | -7/Factory | Identified exit to Lower Caves 12160 | -7/Factory | Discovered exit to Lower Caves (range 13) 12174 | -7/Factory | Discovered exit to Factory (range 5) 12224 | -7/Factory | Manually triggered Chute Trap 12224 | -7/Factory | Sucked down chute 12224 | -7/Factory | Entered Waste 12224 | -7/Waste | The area was eerily silent 12244 | -7/Waste | Discovered new exit (range 20) 12261 | -7/Waste | Identified exit to Factory 12262 | -7/Waste | Entered Factory 12332 | -7/Factory | Discovered exit to Lower Caves (range 19) 12372 | -7/Factory | Found Prototype Launcher 12372 | -7/Factory | Identified Rocket Array 12654 | -7/Factory | Fabricated G-47 Trooper (x3) 12661 | -7/Factory | System Shield fried by hacking feedback 12677 | -7/Factory | Identified exit to Garrison 12678 | -7/Factory | Entered Garrison 12685 | -7/Garrison | Heavy support dispatched to Factory 12698 | -7/Garrison | Triggered checkpoint 12722 | -7/Garrison | Phase Generator disabled 12762 | -7/Garrison | Build established: Hauler-Mutant 12789 | -7/Garrison | Garrison Relay disabled 12801 | -7/Garrison | Garrison Relay disabled 12880 | -7/Garrison | Triggered checkpoint 12880 | -7/Garrison | Triggered checkpoint 12890 | -7/Garrison | Core integrity fell below 50% 12915 | -7/Garrison | Discovered new exit (range 7) 12917 | -7/Garrison | Identified exit to Factory 12920 | -7/Garrison | Lost 4 parts (1p1n1u1w) 12928 | -7/Garrison | Triggered checkpoint 12946 | -7/Garrison | Core integrity fell below 20% 12957 | -7/Garrison | Entered Factory 13227 | -7/Factory | Build established: Bothacker-Sprinter 13312 | -7/Factory | Repaired Cld. VTOL Module? 13655 | -7/Factory | Destroyed by S-27 Virus with Autogun Last Messages --------------- A-02 Transporter 6x Xenon Bombardment Thruster A-02 Transporter 2x Rocket Array 4x Imp. VTOL Module A-27 Freighter 2x Imp. Matter Compressor 2x Cld. Plasma Cannon 1x Plasma Sword 4x Antimatter Cannon 4x Proton Burst Cannon 5x Ion Burst Cannon 6x Lgt. Antimatter Cannon (3 escorts) >>Layout(Zone) Retrieving Zone 8H layout... Downloaded map data. 13637_ Administrator 4b reveals location of hidden door. 13641_ U-05 Engineer builds a Wall. Map ----- +----------------------------------------------------+ | # #??????????# # #????###### | | # """"""""" #??????????#########??#?????????? | | # #???????????????????????????????? | | # [ #???????????????????????????????? | | ##############???????????????????????????????? | | ????????????????????????????????? | | #???????????????????????????????????? | | " ] #?????????????????????####?#########? | | " #?????????????????????# #? | | T """ """ ######????????????????# """"""""" #? | | " """ """ #????????????????# ## | | " """ """ #????????????????# """"""""" # | | #????????????????# # | | #????????????????# """"""""" + | | #????????????????# # | | ############# #????????????????# """"""""" # | | ???########## s###+####?????????# # | | ???# # s #?????????# """"""""" # | | #### / #?????????# # | | + # #????????## ! # | | #### # #????????#"#############" | | ???# # ############ #" | | ???# ######## # !## #" | | ???# #??????# # "" ## """" """" #T | | ???# #??????# # "" ## """" """" #" | | ???# #??????# @ """ ## """" """" #" | | ???######+####?????# # """ """ ## """" """" #" | | ?????????? ! ????# # "R """ ## """" """" / | | ?????????? ???# # """ ## """" """" # | | ???????????"" ???# # ## # | | ??????????""" ??# ####/############+###### | | ???????! """ # o | | ??????# + | | ????????? # | | ?????????????"""" #u | | ?????????????"""" # | | ?????????????""?" ?#"#######+##################### | | ???????????????????#### #?????????????? | | ??????????????????????# """"""""" #?????????????? | | ??????????????????????# #?????????????? | | ??????????????????????# """"""""" #?????????????? | | ??????????????????????# #?????????????? | | ??????????????????????# """"""""" #?????????????? | | ??????????????????????# #?????????????? | | ??????????????????????# """"""""" #?????????????? | | ?????????????????????## #?????????????? | | ?????????????????????#" """"""""" #?????######### | | ?????????????????????## #?????# """"" | | ?????????????????????## ! #?????# ""T"" | | ?????????????????????#"#############?????# | +----------------------------------------------------+ Best States ------------- Heat Dissipation 59 Energy Generation 18 Energy Capacity 265 Matter Stores 300 Matter Capacity 300 Sight Range 20 Terrain Scan Range 16 Terrain Scan Density 110 Armor Coverage 450 Resistance: TH 10 Core Shielding 20 Propulsion Shielding 33 Utility Shielding 33 Evasion (%) 64 Recoil Reduction 2 Offensive Hacking 10 Defensive Hacking 10 Relay Coupler Types 2 Relay Coupler Value 41 Authchip Count 3 Trap Extractor Capacity 4 Item Schematics ----------------- Imp. VTOL Module | -8/Materials | Scanalyzed Exp. Sensor Array | -8/Materials | Scanalyzed Hacking Suite | -8/Materials | Hacked Imp. Utility Shielding | -8/Materials | Hacked Imp. Propulsion Shielding | -8/Materials | Hacked Cld. VTOL Module | -7/Factory | Scanalyzed Robot Schematics ------------------ P-60 Hacker | -7/Factory | Hacked Fabricated ------------ Hacking Suite | x1 | -7/Factory G-47 Trooper | x3 | -7/Factory | Preloaded Repaired ---------- Lgt. Treads | 14% | -8/Materials Lgt. Armor Plating | 35% | -8/Materials Imp. Medium Laser | 14% | -8/Materials Cld. VTOL Module | 28% | -7/Factory Alien Tech Used ----------------- None Achievements -------------- None Challenges ------------ None Game ------ Seed MagneticConstructAnalyzer Manual? 0 Play Time 02:13:59 Cumulative 403.5 hours Start 2025.05.31 @ 14:04:24 End 2025.05.31 @ 16:48:33 Sessions 3 Manual Loads 0 Difficulty Rogue Special Mode None Game No. 200 Rogue 137 Adventurer 63 Explorer 0 Win Type - Total 8 Types 7/0/0/1/0/0/0/0/0/0 Lore% 84 Gallery% 77 Achievement% 65 Wizard Run 0 Options --------- Layout 2 ASCII 0 Keyboard 1 Movement Numpad Keybinds 0 Fullscreen 2 Font 24/Terminus Map View 50x44 Zoom Use 0% Tactical HUD 1 Map Filters NONE Filters NONE Steam 1 RUN: 6926ab50-23ac-47ac-a67c-c455fb44f2dc